Map: Interloper LE

Players

Dutchkid - Winner!

  • Race: Zerg Zerg
  • League: Diamond
  • Spawn Location: 11:00

NAGA

  • Race: Terran Terran
  • League: Diamond
  • Spawn Location: 5:00

VOD

Have the link to the VOD?

Description

Time

  • Played on: Oct. 9, 2017, 12:04 p.m.
  • Length: 16:55
Show
View Real Time Build Order
Export as new Build Order

Dutchkid Zerg - Winner!

Build Orders: Hatch First 

Get SALT Encoding   

  12  0:01  Drone  
  13  0:12  Overlord  
  13  0:17  Drone  
  14  0:31  Drone x2  
  14  0:35  Drone  
  17  0:53  Hatchery  
  17  0:56  Drone  
  17  0:59  Extractor  
  17  1:01  Drone  
  17  1:16  Spawning Pool  
  17  1:18  Drone  
  17  1:22  Drone  
  18  1:28  Drone  
  19  1:40  Overlord  
  19  1:51  Drone  
  20  2:02  Metabolic Boost  
  20  2:03  Queen  
  20  2:04  Zergling x2  
  20  2:07  Queen  
  25  2:10  Zergling x2  
  26  2:29  Hatchery  
  25  2:33  Drone  
  25  2:34  Drone  
  27  2:37  Drone  
  27  2:40  Drone  
  27  2:43  Drone  
  30  2:47  Drone  
  31  2:53  Overlord  
  31  3:08  Queen x2  
  31  3:10  Drone  
  36  3:19  Drone  
  37  3:24  Baneling Nest  
  37  3:25  Evolution Chamber  
  37  3:26  Evolution Chamber  
  34  3:27  Drone  
  34  3:28  Drone  
  34  3:30  Drone  
  37  3:38  Zergling x6  
  40  3:45  Queen  
  42  3:54  Drone x4  
  46  3:56  Drone  
  47  4:02  Zerg Melee Weapons Level 1  
  47  4:07  Extractor  
  47  4:08  Drone x2  
  47  4:09  Drone  
  49  4:15  Zerg Ground Armor Level 1  
  49  4:24  Drone  
  49  4:25  Overlord  
  49  4:27  Overlord  
  50  4:40  Extractor  
  50  4:41  Drone  
  50  4:43  Drone x3  
  50  4:44  Drone x2  
  55  4:52  Queen x2  
  59  5:09  Lair  
  59  5:13  Drone x3  
  62  5:15  Drone x4  
  62  5:17  Overlord x2  
  62  5:18  Overlord  
  66  5:43  Zergling x18  
  66  5:46  Baneling x5  
  66  5:47  Baneling x4  
  75  5:58  Drone x2  
  75  6:01  Drone x2  
  75  6:02  Drone x4  
  83  6:26  Zergling x2  
  83  6:27  Zergling x12  
  90  6:33  Overlord x4  
  90  6:44  Zerg Melee Weapons Level 2  
  90  6:45  Zerg Missile Weapons Level 1  
  90  6:46  Hydralisk Den  
  89  7:06  Pneumatized Carapace  
  89  7:07  Overlord x2  
  81  7:10  Queen  
  81  7:17  Drone  
  81  7:18  Drone x7  
  81  7:20  Zergling x12  
  81  7:21  Zergling x2  
  96  7:32  Extractor  
  96  7:34  Muscular Augments, Hydralisk  
  96  7:35  Hydralisk x4  
  103  7:56  Zergling x2  
  103  7:57  Zergling x14  
  106  8:03  Centrifical Hooks  
  106  8:04  Hatchery  
  91  8:21  Hydralisk  
  91  8:22  Hydralisk x7  
  91  8:23  Zergling x2  
  104  8:36  Zergling x2  
  104  8:37  Zergling x14  
  111  8:42  Baneling x5  
  111  8:43  Baneling x2  
  111  8:44  Baneling  
  111  8:46  Drone x3  
  114  8:50  Extractor  
  113  9:00  Hatchery  
  113  9:01  Hydralisk x3  
  113  9:02  Zergling x6  
  121  9:06  Baneling  
  121  9:07  Baneling  
  121  9:12  Overseer  
  121  9:19  Drone x3  
  115  9:42  Hydralisk  
  115  9:43  Hydralisk x5  
  115  9:44  Zergling x8  
  90  10:00  Zergling x2  
  90  10:01  Zergling x18  
  98  10:13  Hydralisk x2  
  98  10:14  Zergling x4  
  104  10:15  Queen  
  105  10:28  Hydralisk x5, Zergling x12  
  97  10:29  Hydralisk x2  
  97  10:34  Overseer  
  108  10:35  Overseer  
  98  10:50  Drone x6  
  98  10:51  Drone x2  
  103  11:03  Zergling x8  
  103  11:04  Zergling x4  
  109  11:08  Zerg Missile Weapons Level 2  
  109  11:09  Zerg Ground Armor Level 2  
  109  11:10  Overlord  
  109  11:11  Infestation Pit, Overlord x3  
  108  11:16  Extractor  
  107  11:21  Baneling x4  
  107  11:22  Baneling x9  
  107  11:24  Zergling x8  
  107  11:25  Zergling x10  
  116  11:31  Drone  
  116  11:32  Drone x4  
  121  11:37  Drone x3  
  121  11:39  Zergling x2  
  125  11:40  Zergling x4  
  127  11:53  Drone  
  127  11:54  Extractor, Drone x3  
  130  12:01  Hydralisk x3  
  130  12:02  Zergling x12  
  130  12:03  Zergling x4  
  130  12:06  Hive  
  138  12:24  Hydralisk x2  
  138  12:25  Zergling x8  
  138  12:26  Zergling x14  
  138  12:27  Baneling  
  138  12:28  Baneling x8  
  138  12:29  Baneling x4  
  150  12:44  Overlord  
  150  12:45  Overlord x5  
  146  13:02  Zergling x2  
  146  13:03  Zergling x26  
  129  13:14  Zergling x2  
  129  13:15  Zergling x6  
  133  13:26  Adrenal Glands  
  133  13:28  Zerg Melee Weapons Level 3  
  133  13:29  Zerg Ground Armor Level 3  
  133  13:32  Ultralisk Cavern, Zergling x2  
  133  13:33  Zergling x14  
  140  13:35  Hatchery  
  126  13:47  Zergling x10  
  116  13:53  Zergling x14  
  116  14:04  Zergling x2  
  116  14:05  Zergling x10  
  120  14:13  Queen  
  122  14:29  Chitinous Plating  
  122  14:34  Ultralisk x4  
  122  14:35  Ultralisk  
  122  14:36  Ultralisk, Zergling x14  
  165  14:50  Baneling x3  
  165  14:51  Baneling x6  
  165  14:53  Baneling  
  165  14:56  Extractor  
  164  15:01  Queen  
  164  15:03  Extractor  
  164  15:06  Extractor  
  164  15:11  Drone x3  
  164  15:12  Drone x3  
  164  15:13  Hatchery  
  170  15:21  Zergling x2  
  170  15:22  Zergling x16  
  170  15:24  Zergling x4  
  180  15:31  Drone x3  
  183  15:49  Extractor  
  182  15:52  Extractor, Pathogen Glands  
  182  15:56  Hydralisk x4  
  182  15:57  Hydralisk x5  
  191  16:19  Baneling x6  
Show
View Real Time Build Order
Export as new Build Order

NAGA Terran 

Build Orders: Command Center First (CC), Bio Tank 

Get SALT Encoding   

  12  0:01  SCV  
  13  0:13  SCV  
  14  0:21  Supply Depot  
  14  0:25  SCV  
  15  0:42  SCV  
  16  0:59  Command Center  
  16  1:02  SCV  
  17  1:14  Barracks  
  17  1:16  SCV  
  18  1:28  Barracks  
  18  1:32  SCV  
  19  1:45  Barracks, SCV  
  20  1:54  Refinery  
  20  1:57  SCV  
  21  2:06  Marine  
  22  2:10  Refinery  
  22  2:13  SCV  
  22  2:14  SCV  
  24  2:16  Marine  
  25  2:25  Marine  
  25  2:27  Orbital Command  
  26  2:32  SCV  
  27  2:38  Marine  
  28  2:47  Orbital Command  
  28  2:57  Factory  
  28  3:04  Barracks Tech Lab x2  
  28  3:07  SCV  
  29  3:14  SCV  
  29  3:19  SCV  
  31  3:22  Refinery  
  31  3:25  Stimpack  
  31  3:26  SCV  
  33  3:28  Refinery  
  33  3:31  SCV  
  33  3:34  Barracks Reactor  
  33  3:38  SCV  
  33  3:41  Marauder, Marine  
  36  3:43  SCV  
  38  3:50  Supply Depot  
  38  3:57  Starport  
  38  4:00  Factory Reactor  
  38  4:11  SCV x2, Marine x2  
  38  4:13  Combat Shields  
  42  4:18  Supply Depot  
  42  4:21  Engineering Bay  
  42  4:23  SCV x2  
  44  4:27  Supply Depot  
  44  4:32  Marine x2  
  46  4:39  SCV x2  
  48  4:47  Factory, Factory Tech Lab  
  48  4:48  Medivac x2  
  48  4:51  SCV  
  53  4:54  SCV  
  54  5:02  Marine x2  
  54  5:03  SCV  
  54  5:04  Missile Turret  
  54  5:06  Marine  
  58  5:07  Siege Tank  
  58  5:12  SCV  
  62  5:17  Command Center  
  62  5:24  Terran Infantry Armor Level 1  
  62  5:42  Supply Depot x2, Factory Tech Lab  
  62  5:50  Supply Depot  
  62  6:03  Medivac x2, Marine x2  
  62  6:04  Marauder x2  
  72  6:21  Marine, Siege Tank x2  
  72  6:22  Liberator  
  72  6:24  Liberator  
  72  6:25  Marauder  
  81  6:26  Factory  
  71  6:35  Orbital Command  
  71  6:36  Marine x2  
  71  6:39  Marine  
  77  6:46  Marauder  
  82  6:54  Marine  
  83  7:07  Marine  
  83  7:08  Marauder, Marine  
  84  7:19  Orbital Command  
  84  7:25  Factory Reactor  
  84  7:27  Starport, Marauder, Marine x2  
  84  7:29  Marauder, Siege Tank x2  
  96  7:30  Medivac  
  98  7:37  SCV  
  98  7:39  Terran Infantry Weapons Level 1  
  98  7:40  SCV  
  100  7:45  Marine  
  100  7:51  Marauder, SCV  
  100  7:55  Marauder, Marine  
  93  8:03  Marine  
  89  8:13  Marauder, Marine  
  89  8:17  Marauder  
  79  8:20  Marine  
  72  8:30  Marine  
  75  8:34  Marauder  
  75  8:37  Marine  
  75  8:38  Marine  
  75  8:40  SCV  
  78  8:44  Barracks  
  78  8:45  Widow Mine x2  
  78  8:47  SCV  
  78  8:48  Barracks, Marine  
  83  8:50  Supply Depot x2, Barracks, Armory  
  83  8:52  SCV  
  83  8:53  Supply Depot  
  83  8:55  Marine x2  
  86  8:56  Marine  
  86  8:59  SCV, Starport Reactor  
  89  9:03  SCV  
  89  9:06  Marine  
  89  9:07  Refinery  
  89  9:08  Refinery, SCV  
  92  9:10  Siege Tank  
  92  9:11  SCV, Siege Tank  
  92  9:13  Marauder, Widow Mine  
  92  9:14  Marauder, Marine  
  92  9:15  Widow Mine, SCV  
  109  9:20  SCV  
  109  9:23  Missile Turret, SCV  
  111  9:24  Reaper  
  111  9:28  Supply Depot x2, SCV  
  111  9:29  Medivac x2  
  111  9:30  Supply Depot  
  117  9:32  Marine  
  117  9:35  Marauder  
  99  9:47  SCV  
  99  9:49  Marauder, Marine  
  81  9:56  Marauder, Marine  
  81  9:57  SCV  
  81  9:58  SCV  
  81  9:59  SCV  
  85  10:07  Marine  
  85  10:09  SCV  
  85  10:10  SCV  
  85  10:11  Marauder, SCV, Siege Tank  
  85  10:14  Marine  
  94  10:17  Marauder  
  95  10:22  SCV x2  
  95  10:23  SCV  
  95  10:25  Marine  
  91  10:32  Marine  
  91  10:33  Marauder  
  91  10:34  SCV x2  
  91  10:35  SCV  
  91  10:38  Marine  
  82  10:43  Marine  
  82  10:46  SCV  
  72  10:50  Marine  
  72  10:54  Marauder, Barracks Tech Lab  
  72  10:55  Barracks Tech Lab x2  
  72  10:56  Medivac, Marine  
  78  10:57  Widow Mine x2  
  78  11:01  Marine  
  78  11:02  SCV x2  
  78  11:03  SCV  
  84  11:08  Marine  
  85  11:14  Marauder, SCV  
  85  11:15  SCV x2, Marine  
  91  11:18  Marine  
  91  11:22  Marine  
  91  11:23  Marauder x2  
  91  11:25  Siege Tank  
  100  11:26  SCV, Marine  
  100  11:27  SCV  
  103  11:33  Marauder  
  103  11:36  Marauder, Terran Vehicle And Ship Armor Level 1, Marine  
  103  11:38  Supply Depot  
  108  11:41  Marauder, SCV  
  108  11:44  Marauder, Marine  
  114  11:54  Supply Depot  
  114  11:55  Concussive Shells  
  114  11:56  Marauder, Marine  
  114  11:57  Marauder, Marine  
  114  11:58  Drilling Claws  
  114  11:59  Infernal Pre-Igniter  
  120  12:01  Marine  
  120  12:02  Sensor Tower, Marauder  
  120  12:05  Marauder  
  125  12:11  Liberator x2  
  125  12:12  SCV  
  125  12:14  Marine  
  125  12:15  Marauder  
  129  12:25  Marine  
  129  12:26  Marauder  
  129  12:28  Medivac x2  
  129  12:29  Marine  
  145  12:30  Marauder  
  145  12:36  Siege Tank x2  
  113  13:07  Marauder, Marine x3  
  113  13:08  Marine x3  
  115  13:13  Supply Depot x2  
  115  13:16  Hellbat  
  117  13:25  Marine x2  
  117  13:26  Marauder x2  
  123  13:30  Terran Vehicle Weapons Level 1  
  123  13:37  Command Center  
  115  13:44  Marine  
  115  13:45  Marauder  
  95  13:49  Marauder, Marine  
  95  13:54  Medivac x2  
  95  13:55  Medivac x2  
  104  14:01  Marine  
  104  14:02  Marauder  
  89  14:06  Marauder, Marine  
  89  14:07  Marine x2  
  89  14:10  Marine  
  90  14:19  Marine  
  90  14:21  Siege Tank x2  
  90  14:22  Marine  
  90  14:24  Marine x3  
  98  14:28  Marauder, Marine  
  104  14:37  Marauder  
  106  14:40  Marine  
  106  14:42  Marine x2  
  106  14:43  Marauder  
  111  14:45  Medivac  
  111  14:46  Marauder  
  111  14:49  Marauder  
  117  14:53  Siege Tank  
  117  14:54  Supply Depot  
  117  14:56  Planetary Fortress  
  117  14:58  Missile Turret  
  120  15:01  Marauder, Marine  
  120  15:05  Siege Tank  
  126  15:13  Refinery  
  126  15:14  Refinery  
  126  15:16  Marauder, Marine x2  
  126  15:19  SCV  
  126  15:20  Marauder, Marine  
  134  15:24  Supply Depot, Marauder  
  134  15:26  Supply Depot  
  136  15:30  Viking, Missile Turret  
  136  15:32  Medivac  
  140  15:38  Marine  
  140  15:39  Marauder, Marine  
  144  15:48  Supply Depot  
  144  15:58  Siege Tank  
  144  15:59  Widow Mine x2, Siege Tank  
  154  16:05  Marine  
  154  16:06  Command Center, Marauder x2, Marine  
  160  16:12  Supply Depot  
  160  16:18  Marauder, Supply Depot, Marine x2  
  164  16:23  Marine  
  168  16:27  Marauder  
Tags
 
Add a new tag
Caveats
  • Supply blocks, unpowered buildings, or Contaminate may cause inaccurate times.
  • Supply counts are checked every 10 seconds.